 Dungeon Crawl Stone Soup version 0.24-a0-250-g6074511 (webtiles) character file.

Game seed: 2937053042827597542

609 Borgoz the Cutter (level 7, 0/42 HPs)
             Began as a Kobold Gladiator on Apr 14, 2019.
             Slain by a mummy (9 damage)
             ... in an ossuary.
             The game lasted 00:05:50 (3424 turns).

Borgoz the Cutter (Kobold Gladiator)                Turns: 3424, Time: 00:05:51

Health: 0/42       AC:  6    Str: 18    XL:     7   Next: 71%
Magic:  11/11      EV: 17    Int:  9    God:
Gold:   145        SH:  0    Dex: 17    Spells: 11/11 levels left

rFire    . . .     SeeInvis .   a - +0 rapier
rCold    . . .     Gourm    .   (shield restricted)
rNeg     . . .     Faith    .   b - +0 leather armour
rPois    .         Spirit   .   c - +0 helmet
rElec    .         Reflect  .   v - +0 cloak
rCorr    .         Harm     .   (no gloves)
MR       .....                  j - +0 pair of boots
Stlth    +++.......             (no amulet)
HPRegen  0.14/turn              h - +5 ring of strength
MPRegen  0.12/turn              (no ring)

@: no status effects
A: small, carnivore
a: no special abilities


You were in an ossuary.
You were very full.

You visited 1 branch of the dungeon, and saw 4 of its levels.
You also visited: Ossuary.

You collected 145 gold pieces.

Inventory:

Hand Weapons
 a - a +0 rapier (weapon)
 o - a cursed -3 dagger
Missiles
 d - a throwing net (quivered)
Armour
 b - a +0 leather armour (worn)
 c - a +0 helmet (worn)
 j - a +0 pair of boots (worn)
 v - a +0 cloak (worn)
Jewellery
 h - a +5 ring of strength (left hand)
Wands
 s - a wand of clouds (4)
Scrolls
 i - 4 scrolls of teleportation {unknown}
 l - 2 scrolls of identify {unknown}
 m - a scroll of blinking {unknown}
 n - 3 scrolls of remove curse {unknown}
 q - a scroll of amnesia {unknown}
Potions
 e - a potion of resistance {unknown}
 g - a potion of agility {unknown}
 k - a potion of curing {unknown}
 p - a potion of mutation {unknown}
 r - a potion of flight {unknown}
 t - a potion of heal wounds {unknown}
 u - 2 potions of brilliance {unknown}
Comestibles
 f - 10 rations


   Skills:
 + Level 3.9 Fighting
 + Level 5.8 Short Blades
 - Level 2.1 Throwing
 + Level 2.2 Armour
 + Level 5.2 Dodging
 + Level 4.5 Stealth
 + Level 2.7 Spellcasting


You had 11 spell levels left.
You didn't know any spells.
Your spell library was empty.

Dungeon Overview and Level Annotations

Branches:
Dungeon (4/15)
 Temple: D:4-7

Altars:
Cheibriados
Dithmenos
Makhleb
Sif Muna
Trog
Uskayaw
Xom
Yredelemnul


Innate Abilities, Weirdness & Mutations

You are small and have problems with some larger weapons.
You are carnivorous and can eat meat at any time.


Message History

No target in view!
No target in view!
No target in view!
No target in view!
No target in view!
No target in view!
You open the door. 2 mummies come into view.
Found a gate leading back out of this place.
The mummy barely misses you.
There is an open door here.
You barely miss the mummy. You hit the mummy.
The mummy is moderately damaged.
The mummy hits you. The mummy hits you!
* * * LOW HITPOINT WARNING * * *
You barely miss the mummy.
The mummy is moderately damaged.
The mummy hits you!
You die...

#^..# #^^. #^^.# #^.^
#.^^# #^.^ #^..# #.^^
##'## #'## #...# #^^.
#...####### #####^..
#...#...#!!!?#...#...
#...@M∩.+!$?!#.∩.'.^^
#...#M..#?!!!#...#..∩
########### ########


You could see 2 mummies.

Vanquished Creatures
  A human (D:2)
  An ogre (D:4)
  2 water moccasin zombies (Ossuary)
  Jessica (D:2)
  3 big kobold zombies (Ossuary)
  4 gnolls (D:3)
  4 adders
  A shadow imp (D:3)
  4 adder zombies (Ossuary)
  3 dart slugs
  6 worms
  4 leopard geckos
  7 bats
  4 giant cockroaches
  4 goblins
  2 hobgoblins
  4 jackals (D:1)
  A quokka (D:4)
  A ball python (D:4)
  4 frilled lizards
  3 gnoll zombies (Ossuary)
  A goblin skeleton (D:2)
  6 hobgoblin zombies (Ossuary)
  8 kobolds
  7 kobold zombies (Ossuary)
  5 orc zombies (Ossuary)
  7 rats
98 creatures vanquished.

Notes
Turn   | Place    | Note
-------+----------+-------------------------------------------
     0 | D:1      | Borgoz the Kobold Gladiator began the quest for the Orb.
     0 | D:1      | Reached XP level 1. HP: 12/12 MP: 1/1
   164 | D:1      | Reached skill level 1 in Stealth
   164 | D:1      | Reached XP level 2. HP: 12/17 MP: 2/2
   343 | D:1      | Reached XP level 3. HP: 16/22 MP: 2/4
   742 | D:2      | Reached skill level 1 in Spellcasting
   786 | D:2      | Found a runed translucent door.
   786 | D:2      | Noticed a human
   789 | D:2      | Found a basalt altar of Yredelemnul.
   976 | D:2      | Killed a human
   976 | D:2      | Reached skill level 1 in Armour
   976 | D:2      | Reached XP level 4. HP: 17/28 MP: 4/6
   976 | D:2      | Reached XP level 5. HP: 20/32 MP: 4/7
  1173 | D:2      | Reached XP level 6. HP: 24/37 MP: 8/8
  1428 | D:2      | Found a snail-covered altar of Cheibriados.
  1430 | D:2      | Found a shimmering altar of Xom.
  1430 | D:2      | Found a stormy altar of Qazlal.
  1432 | D:2      | Found a glowing golden altar of the Shining One.
  1432 | D:2      | Found a shadowy altar of Dithmenos.
  1432 | D:2      | Found a hide-covered altar of Uskayaw.
  1480 | D:2      | Noticed Jessica
  1484 | D:2      | Killed Jessica
  1484 | D:2      | Reached skill level 5 in Short Blades
  1533 | D:2      | Found a deep blue altar of Sif Muna.
  1598 | D:3      | Found a snail-covered altar of Cheibriados.
  1715 | D:3      | Noticed a moth of wrath
  1718 | D:3      | Found a bloodstained altar of Trog.
  2140 | D:3      | HP: 1/37 [shadow imp/nerve-wracking pain (10)]
  2458 | D:3      | Found a burning altar of Makhleb.
  3009 | D:4      | Noticed an ogre
  3016 | D:4      | Killed an ogre
  3016 | D:4      | Reached XP level 7. HP: 41/41 MP: 10/10
  3098 | D:4      | Found a sand-covered staircase.
  3103 | Ossuary  | Entered an ossuary
  3138 | Ossuary  | Reached skill level 5 in Dodging
  3424 | Ossuary  | Slain by a mummy

Levels and vault maps discovered:
D:1:      minmay_arrival_five_plusses, layout_loops_cross
D:2:      layout_rooms, lemuel_blue_sif_altar, doesnt_xom_only_xom,
          first_ration, dk_yredelemnul_ordeal, uniq_jessica
D:3:      layout_basic, tgw_trog, lemuel_doored_altar,
          lemuel_coloured_pillars_altar, minmay_crystal_room
D:4:      layout_gridville, grunt_gozag_breadcrumbs, elyvilon_altar_4,
          enter_ossuary_2, portal_sewer_entry_f
Ossuary:  ossuary_tomb_2

Skill      XL: |  1  2  3  4  5  6  7 |
---------------+----------------------+-----
Stealth        | 1 3 4 |  4.5
Spellcasting   | 1 2 |  2.7
Dodging        | 4 5 |  5.2
Fighting       | 3 |  3.9
Armour         | 1 2 |  2.2
Short Blades   | 5 |  5.8
Throwing       | |  2.1

Action                   |  1- 3 |  4- 6 |  7- 9 || total
-------------------------+-------+-------+-------++-------
Melee: Rapier            |   101 |   138 |   155 ||   394
Throw: Throwing net      |       |     4 |       ||     4
  Use: Potion            |     1 |     1 |       ||     2
 Stab: Sleeping          |     2 |     1 |     2 ||     5
       Held in net/web   |       |     3 |       ||     3
  Eat: Chunk             |     7 |     8 |       ||    15
Armor: Leather armour    |    13 |    20 |    31 ||    64
Dodge: Dodged            |    65 |   103 |   141 ||   309

Table legend:
 A = Non-vault XP
 B = Vault XP
 C = Vault XP percentage of total XP
 D = Non-vault monster count
 E = Vault monster count
 F = Vault count percentage of total count
                 A         B        C        D         E       F
            +---------+---------+-------+---------+---------+-------
      Total |     340 |     531 |  61.0 |      60 |      38 |  38.8
            +---------+---------+-------+---------+---------+-------
        D:1 |      38 |       0 |   0.0 |      19 |       0 |   0.0
        D:2 |      46 |     238 |  83.8 |      14 |       3 |  17.6
        D:3 |     135 |      17 |  11.2 |      24 |       5 |  17.2
        D:4 |     121 |       0 |   0.0 |       3 |       0 |   0.0
    Ossuary |       0 |     276 | 100.0 |       0 |      30 | 100.0
            +---------+---------+-------+---------+---------+-------
